 Dungeon Crawl Stone Soup version 0.23.2-30-g0e89c35649 (webtiles) character file.

Game seed: 16611648988018436891

2304 funkygono the Magician (level 9, -1/67 HPs)
             Began as a Yellow Draconian Conjurer on June 23, 2019.
             Was a Follower of Vehumet.
             Slain by an ogre
             ... wielding a +0 giant club
              (15 damage)
             ... on level 8 of the Dungeon.
             The game lasted 00:24:56 (8335 turns).

funkygono the Magician (Yellow Draconian Conjurer)  Turns: 8335, Time: 00:24:57

Health: -1/67      AC: 13    Str: 11    XL:     9   Next: 18%
Magic:  14/20      EV: 15    Int: 19    God:    Vehumet [*.....]
Gold:   153        SH:  8    Dex: 11    Spells: 14/22 levels left

rFire    . . .     SeeInvis .   q - +1 whip (freeze)
rCold    . . .     Gourm    .   d - +0 shield
rNeg     . . .     Faith    .   (armour unavailable)
rPois    .         Spirit   .   (helmet restricted)
rElec    .         Reflect  .   o - +0 cloak
rCorr    +         Harm     .   k - +2 pair of gloves
MR       .....                  (no boots)
Stlth    ++........             (no amulet)
HPRegen  0.21/turn              v - +2 ring of protection
MPRegen  0.17/turn              r - +4 ring of evasion

@: no status effects
A: spit acid, unfitting armour, cold-blooded, acid resistance, AC +7
a: Breathe Acid, Renounce Religion


You were on level 8 of the Dungeon.
You worshipped Vehumet.
Vehumet was aware of your devotion.
You were not hungry.

You visited 2 branches of the dungeon, and saw 9 of its levels.

You collected 318 gold pieces.
You spent 165 gold pieces at shops.

Inventory:

Hand Weapons
 f - a +1 club
 q - a +1 whip of freezing (weapon)
Missiles
 a - 252 stones (quivered)
Armour
 d - a +0 shield (worn)
 k - a +2 pair of gloves (worn)
 o - a +0 cloak (worn)
Jewellery
 i - an uncursed ring of protection from cold
 p - an uncursed ring of protection from magic
 r - a +4 ring of evasion (right hand)
 v - a +2 ring of protection (left hand)
Wands
 n - a wand of iceblast (7)
 s - a wand of paralysis (8)
 t - a wand of flame (17)
 y - a wand of digging (8)
Scrolls
 e - 3 scrolls of fog
 m - 5 scrolls of remove curse
 w - 2 scrolls of teleportation
 D - 4 scrolls of fear
Potions
 c - 3 potions of brilliance
 g - 3 potions of mutation
 h - 2 potions of lignification
 j - 3 potions of heal wounds
 l - a potion of curing
 u - a potion of might
 A - a potion of resistance
 B - a potion of ambrosia
Comestibles
 b - 12 rations
 C - 3 chunks of flesh


   Skills:
 + Level 2.1 Fighting
 + Level 1.5 Maces & Flails
 + Level 3.1 Dodging
 + Level 3.2 Stealth
 * Level 4.3 Shields
 * Level 7.3 Spellcasting
 + Level 7.1 Conjurations
 + Level 0.7 Hexes
 * Level 2.7 Fire Magic


You had 14 spell levels left.
You knew the following spells:

 Your Spells              Type           Power        Failure   Level  Hunger
a - Magic Dart            Conj           ####         1%          1    None
b - Searing Ray           Conj           ####..       3%          2    None
c - Dazzling Spray        Conj/Hex       ###...       22%         3    #......
d - Flame Tongue          Conj/Fire      ####.        4%          1    None
e - Freeze                Ice            #...         36%         1    None

Your spell library contained the following spells:

 Spells                   Type           Power        Failure   Level  Hunger
 Iskenderun's Mystic Bla  Conj           ####....     21%         4    ###....
 Fulminant Prism          Conj/Hex       ###.......   58%         4    ###....
 Force Lance              Conj/Tloc      ###.....     65%         4    ###....


Dungeon Overview and Level Annotations

Branches:
Dungeon (8/15)             Temple (1/1) D:4
   Lair: D:8-11

Altars:
Ashenzari
Cheibriados
Dithmenos
Elyvilon
Fedhas
Gozag
Hepliaklqana
Kikubaaqudgha
Makhleb
Nemelex Xobeh
Okawaru
Qazlal
Ru
Sif Muna
Trog
Uskayaw
Vehumet
Wu Jian
Xom
Yredelemnul
Zin
The Shining One

Shops:
D:4 [


Innate Abilities, Weirdness & Mutations

You can spit globs of acid.
Your golden yellow scales are hard. (AC +7)
You cannot fit into any form of body armour.
You are cold-blooded and may be slowed by cold attacks.
You are resistant to acid. (rCorr)


Message History

Press: ? - help, Shift-Dir - straight line, f/p - big kobold
Aim: a big kobold, wielding a +0 club (almost dead)
The magic dart hits the big kobold.
You kill the big kobold!
Vehumet accepts your kill. Vehumet offers you knowledge of Freeze.
You feel your power returning.
You start resting.
Eating one of 4 chunks of flesh.
You eat one of the 4 chunks of flesh.
This raw flesh tastes terrible.
Your magical contamination has completely faded away.
Memorise Freeze, consuming 1 spell level and leaving 14?
Vehumet grants you knowledge of Freeze.
You start memorising the spell.
You continue memorising.
You finish memorising.
Spell assigned to 'e'.
You climb downwards.
The two-headed ogre hits you with a cursed +0 giant club!!
The two-headed ogre hits you with a +0 giant spiked club!!
* * * LOW HITPOINT WARNING * * *
The orc closely misses you. The ogre hits you with a +0 giant club!
You die...

#..# ## #... .
#.... .## .....
..# ####.
......#.#......
......#.#......
......O..(.....
.......@o....#
.o.o....O/.....
.........##....
.......... ###
./...$.####
.....K. .......
.......


You could see a two-headed ogre, an ogre, 2 orc wizards, an orc and a kobold.

Vanquished Creatures
  Pikel (D:6)
  A hippogriff (D:5)
  Duvessa (D:6)
  An ogre (D:5)
  2 phantoms
  3 centaurs
  2 bullfrogs
  A big kobold (D:7)
  2 crimson imps
  3 hounds
  2 jellies
  4 orc priests
  6 orc wizards
  6 worker ants
  A hound zombie (D:5)
  A hound skeleton (D:7)
  5 adders
  3 oozes
  An adder skeleton (D:5)
  4 worms
  4 dart slugs
  7 leopard geckos
  19 orcs
  12 bats
  A giant cockroach (D:2)
  9 hobgoblins
  3 jackals (D:5)
  5 quokkas
  2 ball pythons
  4 frilled lizards
  7 goblins
  10 kobolds
  A leopard gecko skeleton (D:7)
  A quokka skeleton (D:5)
  5 rats
140 creatures vanquished.

Vanquished Creatures (others)
  4 slaves (D:6)
  An ogre (D:6)
  A centaur (D:6)
  Dowan (D:6)
  An adder (D:6)
  A leopard gecko (D:6)
9 creatures vanquished.

Grand Total: 149 creatures vanquished

Notes
Turn   | Place    | Note
-------+----------+-------------------------------------------
     0 | D:1      | funkygono the Draconian Conjurer began the quest for the
                  | Orb.
     0 | D:1      | Reached XP level 1. HP: 14/14 MP: 3/3
   317 | D:1      | Reached XP level 2. HP: 20/20 MP: 3/5
   343 | D:1      | Learned a level 2 spell: Searing Ray
   795 | D:1      | Reached XP level 3. HP: 26/26 MP: 4/6
  1601 | D:2      | Reached skill level 5 in Conjurations
  1663 | D:2      | Reached XP level 4. HP: 33/33 MP: 5/8
  3255 | D:4      | Learned a level 3 spell: Dazzling Spray
  3331 | D:4      | Reached XP level 5. HP: 29/38 MP: 1/10
  3865 | D:4      | Found a staircase to the Ecumenical Temple.
  3871 | Temple   | Entered the Ecumenical Temple
  3880 | Temple   | Became a worshipper of Vehumet
  4313 | D:4      | Reached skill level 1 in Shields
  4313 | D:4      | Reached XP level 6. HP: 45/45 MP: 6/12
  4814 | D:4      | Found Nearghesk's Armour Shop.
  4822 | D:4      | Bought a +2 pair of gloves for 165 gold pieces
  5132 | D:5      | Entered Level 5 of the Dungeon
  5286 | D:5      | Your scales start taking on a golden yellow colour.
  5286 | D:5      | Reached XP level 7. HP: 33/51 MP: 7/14
  5286 | D:5      | Gained mutation: You are resistant to acid. (rCorr) [Yellow
                  | Draconian growth]
  5409 | D:5      | Reached skill level 5 in Spellcasting
  5811 | D:5      | Found a hazy altar of Hepliaklqana.
  5846 | D:5      | Reached skill level 1 in Maces & Flails
  6026 | D:5      | Noticed a hippogriff
  6035 | D:5      | Killed a hippogriff
  6035 | D:5      | Reached skill level 1 in Fighting
  6235 | D:5      | Reached * piety under Vehumet
  6235 | D:5      | Offered knowledge of Flame Tongue by Vehumet.
  6238 | D:5      | Learned a level 1 spell: Flame Tongue
  6452 | D:5      | Reached XP level 8. HP: 50/59 MP: 4/16
  6584 | D:6      | Noticed Pikel
  6591 | D:6      | Killed Pikel
  6591 | D:6      | Reached skill level 1 in Fire Magic
  7074 | D:6      | Noticed Duvessa
  7074 | D:6      | Noticed Dowan
  7085 | D:6      | Killed Dowan
  7098 | D:6      | Killed Duvessa
  7344 | D:6      | Found a deep blue altar of Sif Muna.
  7413 | D:6      | Reached XP level 9. HP: 46/64 MP: 14/19
  8085 | D:7      | Found a stormy altar of Qazlal.
  8308 | D:8      | Noticed a two-headed ogre
  8324 | D:7      | Offered knowledge of Freeze by Vehumet.
  8334 | D:7      | Learned a level 1 spell: Freeze
  8335 | D:8      | Slain by an ogre

Skill      XL: |  1  2  3  4  5  6  7  8  9 |
---------------+----------------------------+-----
Stealth        | 2 3 |  3.2
Conjurations   | 5 6 7 |  7.1
Spellcasting   | 3 4 5 7 |  7.3
Dodging        | 2 3 |  3.1
Shields        | 1 2 3 4 |  4.3
Maces & Flails | 1 |  1.5
Fighting       | 1 2 |  2.1
Fire Magic     | 2 |  2.7
Hexes          | |  0.7

Action                   |  1- 3 |  4- 6 |  7- 9 || total
-------------------------+-------+-------+-------++-------
Melee: Club              |    13 |    28 |    24 ||    65
       Tailslap          |     3 |     2 |     6 ||    11
       Whip              |       |       |    18 ||    18
 Cast: Magic Dart        |    71 |   115 |    84 ||   270
       Searing Ray       |     4 |    10 |    13 ||    27
       Dazzling Spray    |       |     5 |    12 ||    17
       Flame Tongue      |       |       |    52 ||    52
  Use: Scroll            |     2 |     9 |     9 ||    20
       Potion            |       |       |     1 ||     1
  Eat: Chunk             |     3 |    10 |     6 ||    19
       Ration            |       |     1 |     1 ||     2
Armor: Skin              |    11 |    18 |    30 ||    59
Dodge: Dodged            |    16 |    57 |   103 ||   176
Block: Shield            |       |       |     7 ||     7
